Map: New Gettysburg LE

Players

uThermal - Winner!

  • Race: Terran Terran

Elazer

  • Race: Zerg Zerg

Event: IEM Season 11 - Shanghai

VOD

https://www.youtube.com/watch?v=vDSBlc_xO0U

Description

Time

  • Played on: July 29, 2016, 6:14 a.m.
  • Length: 3:19

All games in this series

Show
View Real Time Build Order
Export as new Build Order

uThermal Terran - Winner!

Build Orders:  

Get SALT Encoding   

  12  0:01  SCV  
  13  0:14  Supply Depot  
  13  0:37  Barracks  
  13  0:53  Barracks  
  13  1:03  Barracks  
  13  1:08  SCV  
  14  1:24  Marine  
  15  1:28  Barracks  
  15  1:40  Marine  
  15  1:42  Marine  
  17  1:48  Supply Depot  
  17  1:53  Marine  
  18  1:58  Marine  
  18  2:00  Marine  
  20  2:10  Marine  
  21  2:15  Marine x2  
  23  2:23  Marine  
  24  2:32  Marine  
  24  2:33  Marine  
  24  2:35  Marine  
  27  2:43  Marine  
  28  2:50  Marine  
  28  2:51  Marine  
  29  2:55  Marine  
Show
View Real Time Build Order
Export as new Build Order

Elazer Zerg 

Build Orders: Hatch First 

Get SALT Encoding   

  12  0:00  Drone  
  13  0:13  Overlord  
  13  0:17  Drone  
  14  0:31  Drone x2  
  14  0:35  Drone  
  17  0:52  Hatchery  
  17  0:55  Drone  
  17  0:58  Drone  
  18  1:09  Extractor  
  17  1:13  Spawning Pool  
  17  1:17  Drone  
  17  1:20  Drone  
  18  1:28  Drone  
  19  1:39  Overlord  
  19  2:00  Queen, Zergling x2  
  19  2:01  Zergling x2  
  23  2:05  Drone  
  26  2:12  Drone  
  27  2:21  Roach Warren  
  28  2:34  Overlord  
  27  2:41  Queen  
  27  2:42  Spine Crawler, Zergling x4  
  26  2:51  Zergling x4  

Tags
 
Add a new tag
Caveats
  • Supply blocks, unpowered buildings, or Contaminate may cause inaccurate times.
  • Supply counts are checked every 10 seconds.